Map: Ice and Chrome LE

Players

Erik - Winner!

  • Race: Zerg Zerg
  • Spawn Location: 1:00

Darkness

  • Race: Protoss Protoss
  • League: Master
  • Spawn Location: 7:00

Event: DreamHack SC2 Masters 2020 Fall

VOD

Have the link to the VOD?

Description

Time

  • Played on: Aug. 26, 2020, 5:22 p.m.
  • Length: 12:21

All games in this series

Show
View Real Time Build Order
Export as new Build Order

Erik Zerg - Winner!

Build Orders: Hatch First, Lurkers 

Get SALT Encoding   

  12  0:00  Drone  
  13  0:08  Drone  
  14  0:14  Extractor  
  14  0:15  Drone  
  15  0:37  Hatchery  
  15  0:42  Drone, Extractor  
  14  0:48  Overlord  
  15  1:03  Spawning Pool  
  14  1:06  Drone  
  14  1:09  Drone  
  16  1:13  Drone  
  16  1:17  Drone  
  18  1:20  Extractor  
  17  1:29  Drone  
  18  1:38  Drone  
  19  1:50  Queen x2  
  19  1:51  Drone  
  24  1:56  Zergling x2  
  24  1:59  Drone  
  26  2:03  Overlord  
  26  2:11  Drone x2  
  28  2:21  Metabolic Boost  
  28  2:23  Drone x2  
  28  2:29  Queen  
  32  2:35  Overlord  
  32  2:39  Overlord  
  33  2:44  Drone x2  
  34  2:55  Drone x2  
  36  3:01  Drone x6  
  42  3:14  Hatchery  
  42  3:18  Drone x2  
  43  3:23  Queen  
  45  3:30  Lair  
  45  3:36  Overlord  
  45  3:38  Drone x4  
  49  3:41  Extractor  
  49  3:42  Extractor  
  49  3:43  Extractor  
  49  3:47  Overlord  
  46  3:54  Roach Warren  
  45  3:55  Drone x2  
  45  3:57  Evolution Chamber  
  46  4:04  Drone x3, Spore Crawler  
  46  4:05  Drone  
  46  4:09  Drone  
  50  4:13  Overlord  
  50  4:14  Drone x2  
  52  4:19  Overlord  
  52  4:26  Queen  
  52  4:27  Drone x2  
  56  4:36  Drone x5  
  61  4:38  Glial Reconstitution  
  61  4:43  Pneumatized Carapace  
  61  4:50  Drone x5  
  65  5:01  Zerg Missile Weapons Level 1  
  65  5:02  Drone  
  65  5:06  Drone x4  
  70  5:12  Overlord  
  70  5:16  Overlord  
  70  5:26  Drone x2  
  70  5:27  Roach  
  70  5:28  Roach  
  74  5:29  Overlord x3  
  74  5:30  Overlord  
  74  5:33  Extractor, Overseer  
  74  5:34  Extractor  
  72  5:38  Roach  
  72  5:39  Roach x5  
  84  5:46  Zergling x2  
  84  5:47  Zergling x6  
  88  5:50  Drone x4  
  88  5:55  Drone  
  88  5:56  Drone  
  94  6:00  Spire  
  94  6:01  Drone  
  93  6:15  Overlord  
  93  6:22  Overlord  
  93  6:25  Roach x6  
  105  6:28  Ravager x2  
  105  6:29  Ravager x2  
  105  6:31  Roach x2  
  105  6:32  Roach x2  
  117  6:42  Roach x5  
  127  6:47  Overlord  
  127  6:52  Hatchery  
  127  6:54  Hatchery  
  125  6:56  Zerg Missile Weapons Level 2  
  125  6:58  Zergling x10  
  130  7:07  Drone x2  
  131  7:12  Ravager x2  
  134  7:15  Zergling x2  
  134  7:16  Zergling x18  
  134  7:29  Hydralisk Den  
  133  7:30  Drone x2  
  133  7:31  Infestation Pit  
  132  7:41  Overlord  
  132  7:42  Mutalisk x7  
  129  7:55  Mutalisk x5  
  129  8:00  Zergling x6  
  126  8:11  Hive  
  124  8:13  Zergling x2  
  124  8:14  Zergling x20  
  133  8:21  Zergling x6  
  133  8:26  Extractor, Ravager  
  130  8:29  Drone x4, Extractor  
  130  8:30  Queen  
  130  8:31  Queen  
  130  8:33  Drone x4  
  141  8:38  Drone  
  141  8:39  Drone x4  
  145  8:56  Roach x9  
  163  9:09  Lurker Den  
  155  9:18  Drone x2  
  155  9:19  Drone x4  
  155  9:22  Zergling x4  
  155  9:23  Zergling x18  
  150  9:36  Roach x9  
  165  9:41  Adrenal Glands  
  165  9:44  Zerg Melee Weapons Level 1  
  165  9:49  Zergling x2  
  165  9:51  Overlord x4  
  152  10:02  Overlord  
  152  10:04  Overlord  
  152  10:05  Zergling x22  
  144  10:18  Seismic Spines  
  144  10:23  Hydralisk x4  
  144  10:24  Hydralisk x6  
  164  10:29  Hatchery  
  164  10:33  Zergling x2  
  164  10:34  Zergling x14  
  160  10:45  Zergling x2  
  160  10:46  Zergling x8  
  163  10:50  Lurker x10  
  163  10:55  Mutalisk x2  
  169  11:00  Mutalisk  
  169  11:03  Drone x4  
  169  11:04  Drone x3  
  177  11:08  Overlord  
  178  11:13  Zergling x20  
  178  11:15  Adaptive Talons  
  188  11:23  Extractor  
  187  11:25  Zergling x2  
  187  11:26  Extractor, Zergling x20  
  187  11:32  Zergling x2  
  174  11:33  Zergling x14  
  175  11:45  Zergling x2  
  175  11:46  Zergling x20  
Show
View Real Time Build Order
Export as new Build Order

Darkness Protoss 

Build Orders: 1 Gate Expand, Oracle Opening 

Get SALT Encoding   

  12  0:00  Probe  
  13  0:12  Probe  
  14  0:19  Pylon  
  14  0:24  Probe  
  15  0:37  Probe (Chrono Boost)  
  15  0:38  Gateway  
  16  0:46  Probe (Chrono Boost)  
  16  0:47  Assimilator  
  17  0:52  Probe  
  18  1:04  Probe  
  19  1:16  Probe  
  20  1:25  Nexus  
  20  1:36  Cybernetics Core  
  20  1:39  Probe  
  21  1:43  Assimilator  
  21  1:51  Probe  
  22  1:54  Pylon  
  22  2:03  Probe  
  23  2:10  Adept (Chrono Boost)  
  23  2:13  Warp Gate  
  23  2:15  Probe  
  26  2:27  Probe  
  26  2:28  Stargate  
  27  2:32  Adept  
  29  2:37  Probe  
  29  2:39  Probe  
  31  2:47  Gateway  
  31  2:49  Probe  
  32  2:51  Probe  
  33  3:01  Probe  
  33  3:03  Void Ray (Chrono Boost), Probe  
  39  3:14  Pylon  
  39  3:19  Probe x2  
  41  3:22  Adept  
  43  3:31  Probe x2  
  44  3:36  Oracle (Chrono Boost)  
  44  3:39  Assimilator  
  47  3:43  Probe x2  
  47  3:46  Pylon  
  49  3:52  Robotics Facility  
  49  3:55  Probe (Chrono Boost)  
  51  3:58  Assimilator  
  51  4:00  Probe (Chrono Boost)  
  51  4:02  Pylon  
  51  4:05  Probe (Chrono Boost)  
  51  4:09  Probe (Chrono Boost)  
  53  4:10  Probe (Chrono Boost)  
  53  4:16  Pylon  
  54  4:19  Probe  
  54  4:21  Probe  
  56  4:31  Probe  
  56  4:34  Probe  
  58  4:40  Observer  
  58  4:43  Probe  
  60  4:45  Sentry  
  60  4:46  Sentry, Probe  
  60  4:49  Nexus  
  60  4:51  Pylon  
  65  4:54  Pylon  
  65  4:55  Probe  
  65  4:58  Immortal (Chrono Boost), Probe  
  71  5:08  Twilight Council, Probe  
  71  5:10  Probe  
  73  5:16  Forge  
  73  5:18  Sentry x2  
  73  5:20  Probe  
  78  5:22  Probe  
  76  5:29  Blink (Chrono Boost)  
  76  5:31  Immortal  
  76  5:32  Probe  
  81  5:36  Probe  
  81  5:38  Shield Battery  
  82  5:47  Gateway  
  82  5:48  Gateway  
  82  5:52  Protoss Ground Weapons Level 1 (Chrono Boost)  
  82  5:55  Sentry  
  82  5:56  Probe x2  
  86  6:02  Sentry  
  88  6:05  Probe  
  88  6:08  Gateway, Probe x2  
  88  6:10  Gateway  
  91  6:17  Probe  
  92  6:20  Observer (Chrono Boost), Probe  
  93  6:32  Stalker x2  
  97  6:34  Warp Prism (Chrono Boost), Probe x3  
  97  6:35  Assimilator x2  
  97  6:38  Pylon  
  102  6:40  Pylon  
  102  6:41  Pylon  
  102  6:48  Sentry, Stalker  
  102  6:52  Pylon  
  106  6:56  Stalker x2  
  106  6:59  Photon Cannon  
  110  7:13  Phoenix  
  110  7:14  Photon Cannon  
  110  7:15  Stalker x4  
  120  7:23  Stalker x2  
  120  7:28  Pylon  
  124  7:30  Pylon  
  108  7:47  Stalker x5  
  114  7:58  Phoenix  
  97  8:06  Stalker  
  97  8:11  Stalker x5  
  107  8:17  Gateway  
  107  8:23  Phoenix  
  107  8:36  Protoss Ground Weapons Level 2 (Chrono Boost)  
  107  8:37  Stalker x5  
  107  8:41  Probe x3  
  120  8:43  Nexus  
  120  8:44  Pylon  
  120  8:47  Phoenix  
  122  8:54  Stalker  
  120  9:01  Stalker x3  
  122  9:12  Pylon  
  122  9:14  Phoenix  
  124  9:20  Stalker x2  
  124  9:21  Stalker  
  116  9:40  Stalker x3  
  116  9:41  Probe x3  
  121  9:48  Phoenix  
  121  10:04  Stalker x6  
  121  10:05  Immortal  
  106  10:15  Phoenix  
  108  10:23  Robotics Bay  
  108  10:28  Stalker x4  
  108  10:29  Stalker x2  
  108  10:30  Nexus  
  108  10:31  Pylon  
  113  10:52  Observer (Chrono Boost)  
  113  10:56  Nexus, Stalker x6  
  126  11:00  Photon Cannon  
  126  11:01  Shield Battery  
  126  11:03  Photon Cannon  
  126  11:10  Colossus (Chrono Boost)  
  126  11:12  Gateway  
  132  11:18  Probe  
  132  11:19  Probe x2  
  132  11:22  Zealot x4  
  143  11:31  Probe x2  
  144  11:43  Stalker x2  
  144  11:44  Stalker x4  
  146  12:07  Zealot x5  

Tags
 
Add a new tag
Caveats
  • Supply blocks, unpowered buildings, or Contaminate may cause inaccurate times.
  • Supply counts are checked every 10 seconds.